 Dungeon Crawl Stone Soup version 0.30-a0-377-g5cb311bc9f (webtiles) character file.

Game seed: 2888544061997323062

58 arthad the Grasshopper (level 4, 0/38 HPs)
             Began as a Gnoll Warper on Nov 27, 2022.
             Succumbed to an adder's poison
             ... on level 2 of the Dungeon.
             The game lasted 00:02:31 (1014 turns).

arthad the Grasshopper (Gnoll Warper)               Turns: 1014, Time: 00:02:32

Health: 0/38       AC:  3    Str: 11    XL:     4   Next: 1%
Magic:  9/11       EV: 12    Int: 14    God:
Gold:   62         SH:  0    Dex: 11    Spells: 2/13 levels left

rFire   . . .      SeeInvis .    a - +0 spear
rCold   . . .      Faith    .    (no shield)
rNeg    . . .      Spirit   .    b - +0 leather armour
rPois   .          Reflect  .    (no helmet)
rElec   .          Harm     .    (no cloak)
rCorr   .          Rampage  .    (no gloves)
Will    .....                    (no boots)
Stlth   +.........               (no amulet)
HPRegen 0.26/turn                (no ring)
MPRegen 0.12/turn                (no ring)

@: lethally poisoned (0 -> -3), hasted, very quick
A: fangs 1, strong nose, distributed training
a: no special abilities


You were on level 2 of the Dungeon.
You visited 1 branch of the dungeon, and saw 2 of its levels.

You collected 62 gold pieces.

Inventory:

Hand Weapons
 a - a +0 spear (weapon)
Missiles
 d - 7 boomerangs of dispersal (quivered)
 f - 5 poisoned darts
 n - 6 javelins
Armour
 b - a +0 leather armour (worn)
Jewellery
 m - a ring of resist corrosion
Scrolls
 c - a scroll of blinking
 e - 2 scrolls of vulnerability {unknown}
 g - a scroll of noise {unknown}
 h - a scroll of poison {unknown}
 i - a scroll of teleportation {unknown}
 k - 2 scrolls of fear {unknown}
 l - a scroll of identify {unknown}


   Skills:
 + Level 4.6 Fighting
 + Level 1.0 Short Blades
 + Level 1.0 Long Blades
 + Level 1.0 Axes
 + Level 1.0 Maces & Flails
 + Level 4.6 Polearms
 + Level 1.0 Staves
 + Level 1.0 Ranged Weapons
 + Level 2.7 Throwing
 + Level 2.7 Armour
 + Level 4.6 Dodging
 + Level 1.0 Stealth
 + Level 1.0 Shields
 + Level 1.0 Unarmed Combat
 + Level 5.0 Spellcasting
 + Level 0.8 Conjurations
 + Level 0.8 Hexes
 + Level 0.8 Summonings
 + Level 0.8 Necromancy
 + Level 5.4 Translocations
 + Level 0.8 Transmutations
 + Level 0.8 Fire Magic
 + Level 0.8 Ice Magic
 + Level 0.8 Air Magic
 + Level 0.8 Earth Magic
 + Level 0.8 Poison Magic
 + Level 1.1 Invocations
 + Level 1.0 Evocations


You had 2 spell levels left.
You knew the following spells:

 Your Spells              Type           Power      Damage    Failure   Level
a - Blink                 Tloc           36%        N/A       3%          2
b - Lesser Beckoning      Tloc           36%        N/A       7%          3
c - Teleport Other        Tloc           18%        N/A       7%          3
d - Vhi's Electric Charg  Tloc/Air       24%        N/A       19%         3

Your spell library contained the following spells:

 Spells                   Type           Power      Damage    Failure   Level
 Manifold Assault         Tloc           18%        N/A       24%         4


Dungeon Overview and Level Annotations

Branches:
Dungeon (2/15)

Altars:


Innate Abilities, Weirdness & Mutations

You have very sharp teeth.
Your uncanny sense of smell can sniff out nearby items.
Your experience applies equally to all skills.


Message History

The orc closely misses you. The orc hits you but does no damage.
You hit the orc but do no damage.
The orc is heavily wounded.
You feel stable enough to blink again. The orc hits you but does no damage.
The orc hits you with a +0 dagger.
You hit the orc. You bite the orc.
The orc is severely wounded.
The orc barely misses you.
The orc priest calls down the wrath of Beogh upon you.
Beogh smites you! The orc closely misses you.
The orc shouts!
Casting: Blink (safe; 3% risk of failure)
Confirm with . or Enter, or press ? or * to list all spells.
You blink.
You hear an angry hiss.
The adder attacks as you move away! The adder bites you.
* * * LOW HITPOINT WARNING * * *
You are poisoned.
The adder poisons you!
You feel sick. The adder attacks as you move away! The adder bites you.
* * * LOW HITPOINT WARNING * * *
You feel stable enough to blink again.
You feel sick. The adder barely misses you.
Unknown command.
You feel sick.
You feel sick.
You feel sick.
You are no longer poisoned.
The adder bites you.
* * * LOW HITPOINT WARNING * * *
You are lethally poisoned!
The adder poisons you!
It was a potion of haste.
You feel yourself speed up.
* * * LOW HITPOINT WARNING * * *
You feel sick. The adder bites you.
* * * LOW HITPOINT WARNING * * *
* * * LOW HITPOINT WARNING * * *
You feel sick.
A bat comes into view.
You die...

...##........## #.# #
#.........#o## #.# .
###..†..o.oo# #.# _
####.......#o# #.#
.####....o..o..#.# #.#
.o....###...o.##.# #.#
##..### ##.o.###S# #.## #..#
#..### #.# #..# #..... #.##
#@# ##.#
..###........b....########.#
## ####.######........##.#
..# #.#......##.# ###
#<#...[..##.##
#.#......##..#
#.#......###.# ∆
#######.#.)....# #.##
##...##...###.### #..#


You could see an orc priest, an adder, 3 orcs and a bat (asleep).

Vanquished Creatures
  2 adders
  3 ball pythons
  3 bats
  An endoplasm (D:1)
  A giant cockroach (D:2)
  5 goblins
  4 hobgoblins
  4 jackals
  A kobold (D:1)
  5 quokkas
  2 frilled lizards (D:1)
  4 rats (D:1)
35 creatures vanquished.

Notes
Turn   | Place    | Note
-------+----------+-------------------------------------------
     0 | D:1      | arthad the Gnoll Warper began the quest for the Orb.
     0 | D:1      | Reached XP level 1. HP: 20/20 MP: 6/6
   163 | D:1      | Reached XP level 2. HP: 26/26 MP: 7/7
   166 | D:1      | Learned a level 2 spell: Blink
   481 | D:1      | Reached skill level 5 in Spellcasting
   481 | D:1      | Reached XP level 3. HP: 31/31 MP: 7/9
   676 | D:1      | Reached skill level 1 in Invocations
   798 | D:2      | Reached skill level 1 in Short Blades
   798 | D:2      | Reached skill level 1 in Long Blades
   798 | D:2      | Reached skill level 1 in Axes
   798 | D:2      | Reached skill level 1 in Maces & Flails
   798 | D:2      | Reached skill level 1 in Staves
   798 | D:2      | Reached skill level 1 in Ranged Weapons
   798 | D:2      | Reached skill level 1 in Stealth
   798 | D:2      | Reached skill level 1 in Shields
   798 | D:2      | Reached skill level 1 in Unarmed Combat
   798 | D:2      | Reached skill level 1 in Evocations
   802 | D:2      | Learned a level 3 spell: Lesser Beckoning
   806 | D:2      | Learned a level 3 spell: Teleport Other
   810 | D:2      | Learned a level 3 spell: Vhi's Electric Charge
   933 | D:2      | Reached XP level 4. HP: 27/38 MP: 11/11
   985 | D:2      | Found a faded altar of an unknown god.
  1012 | D:2      | HP: 1/38 [adder (1)]
  1014 | D:2      | Succumbed to an adder's poison

Illustrated notes

Levels and vault maps discovered:
D:1:      ncdulo_watergridlock, layout_loops_ring
D:2:      layout_rooms, basic_ecumenical_altar

Skill      XL: |  1  2  3 |
---------------+----------+-----
Spellcasting   | 5 |  5.0
Invocations    | 1 |  1.1
Short Blades   | 1 |  1.0
Long Blades    | 1 |  1.0
Axes           | 1 |  1.0
Maces & Flails | 1 |  1.0
Staves         | 1 |  1.0
Ranged Weapons | 1 |  1.0
Stealth        | 1 |  1.0
Shields        | 1 |  1.0
Unarmed Combat | 1 |  1.0
Evocations     | 1 |  1.0
Fighting       | |  4.6
Polearms       | |  4.6
Throwing       | |  2.7
Armour         | |  2.7
Dodging        | |  4.6
Conjurations   | |  0.8
Hexes          | |  0.8
Summonings     | |  0.8
Necromancy     | |  0.8
Translocations | |  5.4
Transmutations | |  0.8
Fire Magic     | |  0.8
Ice Magic      | |  0.8
Air Magic      | |  0.8
Earth Magic    | |  0.8
Poison Magic   | |  0.8

Action                   |  1- 3 |  4- 6 || total
-------------------------+-------+-------++-------
Melee: Spear             |   127 |     7 ||   134
       Bite              |     6 |     2 ||     8
       Punch             |     3 |       ||     3
 Cast: Blink             |       |     2 ||     2
  Use: Potion            |     1 |     1 ||     2
Armor: Leather armour    |    33 |     5 ||    38
Dodge: Dodged            |    68 |     8 ||    76

Table legend: (Time is in decaauts)
 A = Elapsed time spent in this place.
 B = Non-inter-level travel time spent in this place.
 C = Inter-level travel time spent in this place.
 D = Time resting spent in this place.
 E = Time spent auto-exploring this place.
 F = Levels seen in this place.
 G = Mean time per level.
                   A        B        C        D        E       F      G
               +--------+--------+--------+--------+--------+-----+--------+
         Total |    998 |    973 |     25 |     76 |    646 |   2 |  499.0 |
       Dungeon |    998 |    973 |     25 |     76 |    646 |   2 |  499.0 |
               +--------+--------+--------+--------+--------+-----+--------+

Top non-repeatable levels by time:
     D:1: 732 daAuts
     D:2: 265 daAuts
